[Event "Titled Tuesday Blitz July 25 Early 2023"]
[White "Begunov, Konstantin"]
[Black "Goryachkina, Aleksandra"]
[WhiteFideId "4118510"]
[BlackFideId "4147103"]
[WhiteElo "2423"]
[BlackElo "2614"]
[Result "0-1"]
[Round "8"]
[TimeControl "180+2"]
[Date "2023.07.25"]
[WhiteClock "0:00:00"]
[BlackClock "0:00:34"]
[Board "117"]

1. d4 Nf6 2. c4 e6 3. Nf3 d5 4. Nc3 Bb4 5. cxd5 exd5 6. Qb3 c5 7. Bg5 O-O 8. dxc5 Nc6 9. Rd1 Be6 10. e3 h6 11. Bh4 g5 12. Bg3 Ne4 13. a3 Ba5 14. Nd4 Nxc5 15. Qc2 Nxd4 16. Rxd4 Ne4 17. Bd3 Nxc3 18. bxc3 Rc8 19. O-O Bxc3 20. Ra4 a6 21. Qe2 Qd7 22. Qh5 Bg7 23. Rd4 f5 24. f4 Bxd4 25. exd4 Qg7 26. fxg5 f4 27. Bxf4 Qxd4+ 28. Kh1 Qxd3 29. Re1 Rxf4 0-1


[Site "https://www.chess.com"]

[Event "Titled Tuesday Blitz July 25 Early 2023"]
[White "Miszler, Levente"]
[Black "Khusenkhojaev, Muhammad"]
[WhiteFideId "763276"]
[BlackFideId "14700247"]
[WhiteElo "2418"]
[BlackElo "2596"]
[Result "0-1"]
[Round "8"]
[TimeControl "180+2"]
[Date "2023.07.25"]
[WhiteClock "0:00:49"]
[BlackClock "0:00:46"]
[Board "118"]

1. Nf3 Nf6 2. c4 g6 3. g3 Bg7 4. Bg2 O-O 5. O-O d6 6. Nc3 Nc6 7. Rb1 a5 8. a3 Bf5 9. d3 e5 10. b4 axb4 11. axb4 e4 12. Nh4 exd3 13. Nxf5 dxe2 14. Nxe2 gxf5 15. b5 Ne5 16. Bxb7 Rb8 17. Bg2 Ne4 18. Nd4 Qf6 19. Bb2 Nxc4 20. Ba1 Ra8 21. Nb3 Qg6 22. Bxg7 Qxg7 23. Qd5 Ne5 24. Bxe4 fxe4 25. Qxe4 Ra2 26. Nd4 Ra4 27. Rfd1 Qg6 28. Qxg6+ hxg6 29. Nc6 Nxc6 30. bxc6 Rc4 31. Rdc1 Rxc1+ 32. Rxc1 Ra8 33. Kg2 f5 34. Kf3 Kf7 35. Kf4 Kf6 36. h4 Ra4+ 37. Ke3 Ke5 38. Kd3 Kd5 39. Re1 Ra3+ 40. Kd2 Ra2+ 41. Ke3 Kxc6 42. Kf4 Rxf2+ 43. Kg5 Rg2 44. Kxg6 f4 45. h5 Rxg3+ 46. Kf5 f3 47. Rh1 f2 0-1


[Site "https://www.chess.com"]

[Event "Titled Tuesday Blitz July 25 Early 2023"]
[White "Pershina, Elena"]
[Black "NicolaiMaxime"]
[WhiteFideId "24147516"]
[WhiteElo "2416"]
[BlackElo "2591"]
[Result "1-0"]
[Round "8"]
[TimeControl "180+2"]
[Date "2023.07.25"]
[WhiteClock "0:02:09"]
[BlackClock "0:02:11"]
[Board "119"]

1. c4 Nf6 2. g3 e5 3. Nc3 d5 4. cxd5 Nxd5 5. Bg2 Be6 6. Nf3 Nc6 7. O-O Bc5 8. Nxe5 Nxe5 9. d4 Nxc3 10. bxc3 Bd6 11. dxe5 Bxe5 12. Bxb7 Qxd1 13. Rxd1 Rb8 14. Bc6+ Ke7 15. Ba3+ Kf6 16. Rd3 Rb6 17. Rf3+ Kg6 18. Be4+ f5 19. Bc2 Rd8 20. g4 Rf8 21. Bxf8 1-0


[Site "https://www.chess.com"]

[Event "Titled Tuesday Blitz July 25 Early 2023"]
[White "Zacurdajev, Dmitry"]
[Black "Veiga, Jose Francisco R P Neves"]
[WhiteFideId "4196309"]
[BlackFideId "1930087"]
[WhiteElo "2415"]
[BlackElo "2578"]
[Result "0-1"]
[Round "8"]
[TimeControl "180+2"]
[Date "2023.07.25"]
[WhiteClock "0:00:16"]
[BlackClock "0:00:46"]
[Board "120"]

1. d4 Nf6 2. c4 c5 3. d5 e6 4. Nc3 exd5 5. cxd5 g6 6. Nf3 Bg7 7. Bf4 d6 8. h3 O-O 9. e3 Na6 10. Be2 Nc7 11. O-O Re8 12. Qd2 Ne4 13. Nxe4 Rxe4 14. Rfd1 b5 15. a4 Rb4 16. Ra2 Bb7 17. Bxb5 Bxd5 18. Ra3 Rxb2 19. Qc1 Bxf3 20. gxf3 Qh4 21. Bg3 Qxh3 22. Rxd6 Ne6 23. Bd7 h5 24. Qd1 h4 25. Bh2 Rab8 26. Ra1 Rxf2 27. Rxe6 Qxh2# 0-1


[Site "https://www.chess.com"]

[Event "Titled Tuesday Blitz July 25 Early 2023"]
[White "Roebers, Eline"]
[Black "Al Mukhaini, Shima"]
[WhiteFideId "1058401"]
[BlackFideId "22005854"]
[WhiteElo "2563"]
[BlackElo "2411"]
[Result "1-0"]
[Round "8"]
[TimeControl "180+2"]
[Date "2023.07.25"]
[WhiteClock "0:01:16"]
[BlackClock "0:00:02"]
[Board "121"]

1. e4 d5 2. exd5 Nf6 3. Nf3 Nxd5 4. Be2 Nf4 5. O-O Nxe2+ 6. Qxe2 c6 7. d4 Bf5 8. c4 e6 9. Nc3 Be7 10. Bf4 O-O 11. Rfd1 Re8 12. Rac1 Nd7 13. d5 exd5 14. cxd5 c5 15. Nb5 a6 16. Nc7 Bd6 17. Qxe8+ Qxe8 18. Bxd6 Qd8 19. Nxa8 Qxa8 20. Bxc5 b6 21. Ba3 Be4 22. Rc7 Bf5 23. Nd4 Qd8 24. Rdc1 Nc5 25. Rc6 Qxd5 26. Nxf5 Qxf5 27. Bxc5 h5 28. Bxb6 Qb5 29. Rc8+ Kh7 30. Bd4 Qd5 31. Bc3 h4 32. h3 Qxa2 33. Re1 Qa4 34. Ree8 g5 35. Rh8+ Kg6 36. Rhg8+ Kf5 37. Rc5+ Ke6 38. Rgxg5 Qd1+ 39. Kh2 Qd6+ 40. g3 f6 41. Rh5 hxg3+ 42. fxg3 Qd3 43. Rhf5 Qe2+ 44. Kg1 Qe3+ 45. Kg2 Qe4+ 46. Rf3 Qe2+ 47. Rf2 Qe4+ 48. Kh2 Qd3 49. Rxf6+ Kd7 50. Rf2 1-0


[Site "https://www.chess.com"]

[Event "Titled Tuesday Blitz July 25 Early 2023"]
[White "Willy, Stephen"]
[Black "Ibadov, Dashgyn"]
[WhiteFideId "30981468"]
[BlackFideId "24107514"]
[WhiteElo "2404"]
[BlackElo "2558"]
[Result "1-0"]
[Round "8"]
[TimeControl "180+2"]
[Date "2023.07.25"]
[WhiteClock "0:00:16"]
[BlackClock "0:00:00"]
[Board "122"]

1. e4 e6 2. c4 d5 3. cxd5 exd5 4. exd5 Nf6 5. Nc3 Nbd7 6. Bc4 Nb6 7. Qb3 Nxc4 8. Qxc4 Bd6 9. Nf3 Bg4 10. Nd4 Qe7+ 11. Kf1 O-O 12. d3 Rfe8 13. Be3 Nd7 14. h3 Ne5 15. Qb3 Bd7 16. Ne4 Nxd3 17. Nxd6 Nc5 18. N6f5 Qe4 19. Qc4 Bxf5 20. Qxc5 Qd3+ 21. Kg1 Bg6 22. Re1 Rad8 23. Qxc7 Rxd5 24. Nf3 h6 25. Kh2 Kh7 26. Rd1 Qe4 27. Rxd5 Qxd5 28. Rc1 Be4 29. Rc5 Qxa2 30. Re5 Rxe5 31. Nxe5 f6 32. Nd7 Qxb2 33. Nf8+ Kg8 34. Nd7 Kh7 35. Qd6 Bc6 36. Bd4 Qe2 37. Nxf6+ gxf6 38. Qxf6 1-0


[Site "https://www.chess.com"]

[Event "Titled Tuesday Blitz July 25 Early 2023"]
[White "Orlov, Georgi"]
[Black "Hoffmann, Asa"]
[WhiteFideId "2011271"]
[BlackFideId "2001470"]
[WhiteElo "2554"]
[BlackElo "2403"]
[Result "1-0"]
[Round "8"]
[TimeControl "180+2"]
[Date "2023.07.25"]
[WhiteClock "0:00:39"]
[BlackClock "0:00:00"]
[Board "123"]

1. d4 Nf6 2. Nf3 d6 3. c4 c6 4. Nc3 Bf5 5. g3 h6 6. Bg2 Nbd7 7. Nh4 Bh7 8. e4 e5 9. d5 Be7 10. Nf5 Bxf5 11. exf5 c5 12. O-O O-O 13. h3 a6 14. Be3 Rb8 15. Qe2 Nh7 16. h4 Nhf6 17. Rab1 Ne8 18. a3 Nc7 19. b4 b6 20. Ne4 Nf6 21. bxc5 bxc5 22. Nxf6+ Bxf6 23. Qc2 Qd7 24. Bd2 Rfc8 25. Kh2 Ne8 26. Bh3 Qe7 27. Ba5 Qd7 28. Bb6 Rb7 29. a4 Rcb8 30. a5 Qc8 31. Rb3 Re7 32. Bg2 Qd7 33. Rfb1 Rc8 34. Be4 Rb8 35. Qa2 Rb7 36. Re3 Qc8 37. Qa4 Red7 38. Kg2 Bd8 39. Reb3 Bxb6 40. Rxb6 Nf6 41. Bc2 e4 42. Rc6 Qe8 43. Rb3 Rxb3 44. Qxb3 Rd8 45. Rb6 Qe5 46. Rxa6 Qxf5 47. Bd1 Re8 48. Qe3 Ng4 49. Bxg4 Qxg4 50. Rxd6 Qd1 51. Rd7 Qa1 52. Ra7 1-0


[Site "https://www.chess.com"]

[Event "Titled Tuesday Blitz July 25 Early 2023"]
[White "Astafurov, Arseniy"]
[Black "Kochiev, Ivan"]
[WhiteFideId "24175218"]
[BlackFideId "2917890"]
[WhiteElo "2394"]
[BlackElo "2541"]
[Result "1-0"]
[Round "8"]
[TimeControl "180+2"]
[Date "2023.07.25"]
[WhiteClock "0:00:03"]
[BlackClock "0:00:35"]
[Board "124"]

1. c4 Nf6 2. Nc3 e6 3. e4 d5 4. cxd5 exd5 5. e5 d4 6. exf6 dxc3 7. Bb5+ c6 8. Qe2+ Be6 9. Bc4 Qxf6 10. dxc3 Bc5 11. Bxe6 fxe6 12. Nf3 O-O 13. O-O Nd7 14. Rd1 Nb6 15. Bg5 Qg6 16. b4 Nd5 17. bxc5 Nxc3 18. Qd3 Nxd1 19. Qxg6 hxg6 20. Rxd1 Rf5 21. Be7 Re8 22. Bd6 Rd8 23. Re1 Re8 24. h4 b6 25. Nd4 Rd5 26. Nxc6 Kh7 27. Ne7 Rh5 28. c6 Rxh4 29. c7 Rc4 30. c8=Q Rexc8 31. Nxc8 Rxc8 32. Rxe6 Rc2 33. a3 b5 34. Re7 a5 35. Be5 Ra2 36. Rxg7+ Kh6 37. Rb7 Rxa3 38. Rxb5 a4 39. Ra5 Ra2 40. g4 Re2 41. Kg2 a3 42. Bf4+ g5 43. Rxg5 a2 44. Ra5+ Kg6 45. Ra6+ Kf7 46. Kf3 Rb2 47. Be3 Ke7 48. g5 Kf7 49. Kg4 Rb4+ 50. Bf4 Rb2 51. Kf5 Rxf2 52. Ra7+ Ke8 53. Ke6 Kf8 54. Be5 Kg8 55. g6 Rf8 56. Rxa2 Re8+ 57. Kf5 Rf8+ 58. Bf6 Rc8 59. Rh2 Rc5+ 60. Be5 Kf8 61. Rh8+ Ke7 62. Rh7+ Ke8 63. g7 Kf7 64. Rh5 Rc1 65. Rh8 Rf1+ 66. Ke4 Rg1 67. Bd4 Rg4+ 68. Kd5 Rg6 69. Rf8+ Ke7 70. g8=Q Rd6+ 71. Kc4 Re6 72. Qf7+ Kd6 73. Rd8+ Kc6 74. Qd7# 1-0


[Site "https://www.chess.com"]

[Event "Titled Tuesday Blitz July 25 Early 2023"]
[White "Souleidis, Georgios"]
[Black "Qiao, Cindy"]
[WhiteFideId "4206827"]
[BlackFideId "2620243"]
[WhiteElo "2533"]
[BlackElo "2380"]
[Result "1-0"]
[Round "8"]
[TimeControl "180+2"]
[Date "2023.07.25"]
[WhiteClock "0:00:34"]
[BlackClock "0:00:16"]
[Board "125"]

1. e4 d5 2. exd5 Qxd5 3. Nc3 Qd6 4. d4 Nf6 5. Nge2 c6 6. Bf4 Qd8 7. Qd2 g6 8. O-O-O Bg7 9. Bh6 O-O 10. Ng3 Be6 11. h4 Bxh6 12. Qxh6 Ng4 13. Qd2 h5 14. Nge4 Nf6 15. Ng5 Bd5 16. f3 b5 17. Kb1 a5 18. Bd3 Na6 19. Rhe1 Nb4 20. a3 Nxd3 21. Qxd3 b4 22. Nxd5 cxd5 23. a4 Qd7 24. b3 Rac8 25. Qe2 Rc7 26. Rd3 Rfc8 27. Rd2 Qf5 28. Qe5 Qd7 29. Ree2 Qc6 30. Qe3 Kg7 31. Qd3 Qb7 32. Qe3 Rc3 33. Qxe7 R8c7 34. Ne6+ 1-0


[Site "https://www.chess.com"]

[Event "Titled Tuesday Blitz July 25 Early 2023"]
[White "Vyatkin, Dmitry"]
[Black "Melikhov, Evgeny V."]
[WhiteFideId "4171900"]
[BlackFideId "4122046"]
[WhiteElo "2527"]
[BlackElo "2376"]
[Result "1-0"]
[Round "8"]
[TimeControl "180+2"]
[Date "2023.07.25"]
[WhiteClock "0:00:36"]
[BlackClock "0:00:47"]
[Board "126"]

1. d4 Nf6 2. c4 e6 3. g3 d5 4. Nf3 dxc4 5. Bg2 Nc6 6. O-O Rb8 7. Bg5 h6 8. Bxf6 Qxf6 9. e3 Bd6 10. Qc1 O-O 11. Qxc4 e5 12. d5 Ne7 13. Nc3 Ng6 14. Rac1 a6 15. Ne4 Qe7 16. Nxd6 cxd6 17. Qc7 Bg4 18. Nd2 Rbc8 19. Qxe7 Nxe7 20. Ne4 Nxd5 21. Nxd6 Rxc1 22. Rxc1 Nb4 23. Rc4 Nxa2 24. Rxg4 Rd8 25. Nxb7 Rd1+ 26. Bf1 Nc1 27. Kg2 Nd3 28. Bxd3 Rxd3 29. Rb4 f6 30. Rb6 Kf7 31. b4 Ra3 32. Nc5 a5 33. b5 Ra2 34. Ra6 Rb2 35. Rxa5 Ke7 36. Na4 Ra2 37. b6 Kd6 38. b7 Kc7 39. Rb5 Kb8 40. Nc5 1-0


[Site "https://www.chess.com"]

[Event "Titled Tuesday Blitz July 25 Early 2023"]
[White "Llanos, Guillermo"]
[Black "Gontcharov, Vladislav"]
[WhiteFideId "100358"]
[BlackFideId "4123492"]
[WhiteElo "2369"]
[BlackElo "2522"]
[Result "1-0"]
[Round "8"]
[TimeControl "180+2"]
[Date "2023.07.25"]
[WhiteClock "0:00:06"]
[BlackClock "0:00:00"]
[Board "127"]

1. Nf3 Nf6 2. g3 c5 3. Bg2 Nc6 4. O-O d5 5. d4 e6 6. c4 dxc4 7. Qa4 Bd7 8. dxc5 Bxc5 9. Qxc4 Qe7 10. Bg5 Rc8 11. Bxf6 gxf6 12. Nc3 f5 13. Rad1 a6 14. a4 Nb4 15. Qf4 Bc6 16. Ne5 Bxg2 17. Kxg2 Rc7 18. Rd2 f6 19. Nf3 O-O 20. Rfd1 Nc6 21. e4 fxe4 22. Nxe4 Bb4 23. Rd3 f5 24. Nd6 e5 25. Qc4+ Kh8 26. Nh4 Bxd6 27. Rxd6 Nd4 28. Qd5 f4 29. Re1 f3+ 30. Kh1 Rc6 31. Rd7 Qe6 32. Qxe6 Rxe6 33. Rxd4 Rb6 34. Rd2 Rb3 35. h3 Rc8 36. Kh2 Rc5 37. g4 Kg7 38. Kg3 Kf6 39. Nxf3 Rc4 40. Re3 Rbb4 41. b3 Re4 42. Rxe4 Rxe4 43. Rd3 Rb4 44. Re3 b5 45. Nxe5 bxa4 46. bxa4 Rxa4 47. f4 Ra1 48. Kf3 a5 49. Ke4 a4 50. g5+ Ke7 51. Rc3 Re1+ 52. Kf5 Re2 53. Rc7+ Kd6 54. Rxh7 a3 55. Ra7 a2 56. h4 Rb2 57. h5 Kd5 58. h6 Kc5 59. h7 Rb7 60. Rxa2 Rxh7 61. g6 Rh5+ 62. Kf6 Rh6 63. Kg5 Rh1 64. Rd2 Kb6 65. Kf6 Kc7 66. f5 Rg1 67. g7 Rg3 68. Ng6 1-0


[Site "https://www.chess.com"]

[Event "Titled Tuesday Blitz July 25 Early 2023"]
[White "Chor, Kevin"]
[Black "Smiechu"]
[WhiteFideId "2090740"]
[WhiteElo "2520"]
[BlackElo "2364"]
[Result "0-1"]
[Round "8"]
[TimeControl "180+2"]
[Date "2023.07.25"]
[WhiteClock "0:01:51"]
[BlackClock "0:02:41"]
[Board "128"]

1. e4 c5 2. Nf3 g6 3. d4 cxd4 4. Nxd4 Nc6 5. Nc3 Bg7 6. Be3 Nf6 7. Bc4 O-O 8. Bb3 d6 9. f3 Bd7 10. Qd2 Rc8 11. O-O-O Nxd4 12. Bxd4 b5 13. Nd5 Nxd5 14. Bxg7 Kxg7 15. exd5 a5 16. a3 Kg8 17. g4 b4 18. axb4 axb4 19. Qxb4 Rc5 20. h4 Qa8 21. Qd4 Rb8 22. Kd2 Rxb3 23. cxb3 Rxd5 0-1


[Site "https://www.chess.com"]

[Event "Titled Tuesday Blitz July 25 Early 2023"]
[White "Dwilewicz, Katarzyna"]
[Black "Bilan, Danila"]
[WhiteFideId "1148486"]
[BlackFideId "24161918"]
[WhiteElo "2354"]
[BlackElo "2514"]
[Result "1-0"]
[Round "8"]
[TimeControl "180+2"]
[Date "2023.07.25"]
[WhiteClock "0:00:03"]
[BlackClock "0:00:00"]
[Board "129"]

1. e4 c6 2. d4 d5 3. Nc3 b5 4. exd5 b4 5. Ne4 cxd5 6. Nc5 Nf6 7. Bb5+ Bd7 8. Nxd7 Nbxd7 9. Bd2 Qb6 10. Bd3 Qxd4 11. Nf3 Qb6 12. O-O e6 13. Qe1 Bd6 14. c3 a5 15. Nd4 O-O 16. Nb5 Be7 17. cxb4 axb4 18. Bxb4 Bxb4 19. Qxb4 Nc5 20. Be2 Ra4 21. Qd2 Nfe4 22. Qf4 Nc3 23. Qd2 Nxb5 24. b3 Rd4 25. Qb2 Re4 26. Bf3 Rf4 27. Qd2 Rf6 28. a4 Nxb3 29. Qb2 N5d4 30. Bd1 Rb8 31. Rb1 Qb4 32. a5 Qxa5 33. Qxd4 h6 34. Qd3 Qb4 35. Bxb3 Qf8 36. Bc2 g6 37. Rxb8 Qxb8 38. Qd4 Qd8 39. Rb1 Kg7 40. Qe5 Qc8 41. Bd3 Qa8 42. h3 Qa2 43. Re1 Qd2 44. Qe2 Qf4 45. Qe3 Qb4 46. g3 h5 47. Kg2 Qd6 48. h4 Qb4 49. Qe5 Qd2 50. Qe2 Qc3 51. Bb1 Qc5 52. Qe3 Qb6 53. Qxb6 1-0


[Site "https://www.chess.com"]

[Event "Titled Tuesday Blitz July 25 Early 2023"]
[White "Osmak, Yuliia"]
[Black "Peiris, T G M"]
[WhiteFideId "14101602"]
[BlackFideId "9901310"]
[WhiteElo "2492"]
[BlackElo "2353"]
[Result "0-1"]
[Round "8"]
[TimeControl "180+2"]
[Date "2023.07.25"]
[WhiteClock "0:00:05"]
[BlackClock "0:00:16"]
[Board "130"]

1. b3 e5 2. Bb2 d6 3. e3 f5 4. Nf3 Nf6 5. d4 e4 6. Nfd2 Be7 7. c4 O-O 8. Nc3 a5 9. Be2 Na6 10. g3 Kh8 11. h4 Qe8 12. a3 c6 13. b4 Be6 14. b5 Nc7 15. a4 d5 16. Qb3 Qd7 17. Ba3 Bxa3 18. Qxa3 dxc4 19. Bxc4 cxb5 20. Bxb5 Qf7 21. O-O Qh5 22. Qd6 Qf7 23. Rfc1 Rad8 24. Qf4 Ncd5 25. Nxd5 Nxd5 26. Qe5 Nb4 27. Rc7 Qg6 28. Rac1 Rd5 29. Qf4 b6 30. Nc4 Nd3 31. Qg5 Qxg5 32. hxg5 Nxc1 33. Nxb6 Rd6 34. Bc6 Nd3 35. d5 Bg8 36. Nd7 Rd8 37. Nb6 Nb4 38. Nc8 Rg6 39. Ne7 Rgd6 40. Nxf5 Rxd5 41. Bxd5 Bxd5 42. Nxg7 Bb3 43. Nf5 Bxa4 44. Ra7 Bd7 45. Nh6 Kg7 46. Rxa5 Nd3 47. Ra7 Kg6 48. Ng4 Kxg5 49. Nh2 Bh3 50. Nf1 Bxf1 51. Kxf1 Rf8 52. Ra2 Kg4 53. Kg2 Rxf2+ 54. Rxf2 Nxf2 55. Kxf2 Kh3 56. g4 Kxg4 57. Kg2 h6 58. Kf2 Kh3 59. Ke2 Kg2 60. Kd2 h5 61. Kc3 h4 62. Kc4 h3 63. Kd4 Kf3 0-1


[Site "https://www.chess.com"]

[Event "Titled Tuesday Blitz July 25 Early 2023"]
[White "luksona14"]
[Black "Rodriguez Santiago, Jaime"]
[BlackFideId "3100898"]
[WhiteElo "2487"]
[BlackElo "2352"]
[Result "0-1"]
[Round "8"]
[TimeControl "180+2"]
[Date "2023.07.25"]
[WhiteClock "0:00:22"]
[BlackClock "0:00:17"]
[Board "131"]

1. d4 Nf6 2. Bg5 d5 3. Bxf6 exf6 4. e3 c6 5. c4 Bd6 6. cxd5 cxd5 7. Bd3 f5 8. Nc3 Be6 9. Nge2 O-O 10. O-O Nc6 11. a3 Rc8 12. Qd2 a6 13. b4 Qh4 14. g3 Qh3 15. Rac1 g5 16. Bb1 Kh8 17. Ba2 Ne7 18. f4 Rg8 19. fxg5 Rxg5 20. Rf2 Rcg8 21. Rcf1 Ng6 22. Bxd5 Nh4 23. Bxe6 fxe6 24. Nf4 Bxf4 25. Rxf4 Rxg3+ 26. Kf2 Rg2+ 27. Ke1 Rxd2 28. Kxd2 Rg2+ 29. Kd3 Qxh2 30. Kc4 Rc2 31. e4 Qe2+ 32. Kc5 Rxc3+ 33. Kd6 Ng6 34. exf5 exf5 35. Rxf5 Qe7+ 36. Kd5 Qd7+ 37. Ke4 Qe6+ 38. Re5 Qg4+ 39. Kd5 Qg2+ 40. Kd6 Qxf1 41. Re8+ Kg7 42. Re4 Qf6+ 43. Kd5 Qc6# 0-1


[Site "https://www.chess.com"]

[Event "Titled Tuesday Blitz July 25 Early 2023"]
[White "marik_spb"]
[Black "K2JW"]
[WhiteElo "2486"]
[BlackElo "2350"]
[Result "1/2-1/2"]
[Round "8"]
[TimeControl "180+2"]
[Date "2023.07.25"]
[WhiteClock "0:00:08"]
[BlackClock "0:00:09"]
[Board "132"]

1. d4 d5 2. c4 e6 3. Nf3 Nf6 4. g3 Be7 5. Bg2 O-O 6. O-O Nbd7 7. Nbd2 b6 8. Qc2 Bb7 9. Rd1 c5 10. b3 Rc8 11. Bb2 dxc4 12. bxc4 cxd4 13. Nxd4 Bxg2 14. Kxg2 Qc7 15. Rac1 Nc5 16. N2b3 Rfd8 17. Nxc5 Bxc5 18. Qb3 Qb7+ 19. Qf3 Qxf3+ 20. Kxf3 Rd7 21. Nb5 Rcd8 22. Rxd7 Rxd7 23. Bxf6 gxf6 24. Rc2 Kg7 25. e3 f5 26. Ke2 Kf6 27. Rd2 Ke7 28. Rxd7+ Kxd7 29. Kd3 a6 30. Nc3 Kc6 31. f3 h5 32. h3 Bd6 33. g4 fxg4 34. fxg4 hxg4 35. hxg4 b5 36. cxb5+ axb5 37. Ne4 Be7 38. Kd4 f6 39. Ng3 Bd6 40. Nh5 Be7 41. Kd3 f5 42. gxf5 exf5 43. Ng3 Bf6 44. Nxf5 Kc5 45. Nd4 Kb4 46. Nc2+ Kc5 47. e4 Be5 48. Ne3 Kb4 49. Nc2+ Kc5 50. a3 Bf4 51. Nb4 Bc1 52. Nc2 Bf4 53. Kc3 Be5+ 54. Kb3 Bf4 55. Nb4 Be5 56. Nd3+ Kd4 57. Nxe5 Kxe5 58. Kb4 Kxe4 59. Kxb5 Kd5 60. Kb6 Kd6 61. Kb7 Kc5 62. Ka6 Kc6 63. a4 Kc7 64. a5 Kc8 65. Kb6 Kb8 66. a6 Ka8 67. Kb5 Kb8 68. Kb6 Ka8 69. a7 1/2-1/2


[Site "https://www.chess.com"]

[Event "Titled Tuesday Blitz July 25 Early 2023"]
[White "Buscar, Michael"]
[Black "Kirillov, Dmitry"]
[WhiteFideId "2603616"]
[BlackFideId "34180572"]
[WhiteElo "2345"]
[BlackElo "2481"]
[Result "1-0"]
[Round "8"]
[TimeControl "180+2"]
[Date "2023.07.25"]
[WhiteClock "0:01:27"]
[BlackClock "0:01:32"]
[Board "133"]

1. d4 Nf6 2. c4 e6 3. Nc3 Bb4 4. Nf3 b6 5. g3 Bb7 6. Bg2 Ne4 7. Qc2 O-O 8. O-O Bxc3 9. bxc3 f5 10. Nd2 d5 11. f3 Nxd2 12. Bxd2 dxc4 13. e4 Nc6 14. Rae1 Qd7 15. Re2 fxe4 16. fxe4 Rxf1+ 17. Bxf1 Rf8 18. Bh3 Qf7 19. Qa4 Kh8 20. Qxc4 Qh5 21. Bg2 Na5 22. Qd3 Bc6 23. Re1 Bb5 24. Qb1 Bc4 25. Bf4 c5 26. Qd1 cxd4 27. Qxh5 dxc3 28. Rc1 1-0


[Site "https://www.chess.com"]

[Event "Titled Tuesday Blitz July 25 Early 2023"]
[White "Nayak Rajesh"]
[Black "Rodriguez Fontecha, Marcos"]
[WhiteFideId "35017152"]
[BlackFideId "2256576"]
[WhiteElo "2342"]
[BlackElo "2481"]
[Result "1-0"]
[Round "8"]
[TimeControl "180+2"]
[Date "2023.07.25"]
[WhiteClock "0:00:06"]
[BlackClock "0:00:00"]
[Board "134"]

1. e4 e6 2. d4 d5 3. Nd2 Nf6 4. e5 Nfd7 5. Bd3 c5 6. c3 Nc6 7. Ne2 cxd4 8. cxd4 f6 9. exf6 Nxf6 10. Nf3 Bd6 11. O-O O-O 12. Bg5 Bd7 13. Rc1 a6 14. Bb1 Be8 15. Nf4 Bxf4 16. Bxf4 Ne4 17. Bxe4 dxe4 18. Bg5 Qd6 19. Nd2 Qxd4 20. Be3 Qd5 21. Rc5 Qd3 22. Qa4 Bg6 23. Rfc1 Rad8 24. h4 Qe2 25. Nxe4 Bxe4 26. Qxe4 Rd1+ 27. Rxd1 Qxd1+ 28. Kh2 Qd6+ 29. g3 e5 30. Rc1 Nd4 31. Bxd4 exd4 32. Kg2 b5 33. Rd1 Rd8 34. Rd3 g6 35. h5 Kg7 36. hxg6 hxg6 37. Qb7+ Rd7 38. Qe4 a5 39. Rb3 b4 40. Rd3 a4 41. Qe1 Qd5+ 42. Kg1 Qd6 43. Qe4 b3 44. axb3 axb3 45. f4 1-0


[Site "https://www.chess.com"]

[Event "Titled Tuesday Blitz July 25 Early 2023"]
[White "Lopez Del Alamo, Antonio"]
[Black "Perske, Thore"]
[WhiteFideId "2227339"]
[BlackFideId "12902195"]
[WhiteElo "2341"]
[BlackElo "2480"]
[Result "1-0"]
[Round "8"]
[TimeControl "180+2"]
[Date "2023.07.25"]
[WhiteClock "0:00:40"]
[BlackClock "0:01:29"]
[Board "135"]

1. e4 e6 2. d3 d5 3. Qe2 Nf6 4. Nf3 Nc6 5. e5 Nd7 6. Bf4 Be7 7. h4 O-O 8. d4 f6 9. exf6 Nxf6 10. Nbd2 Qe8 11. c3 Qg6 12. Bxc7 Ne4 13. Nxe4 dxe4 14. Ne5 Nxe5 15. Bxe5 b6 16. h5 Qf5 17. g4 Qf3 18. Qxf3 exf3 19. Bc4 Kf7 20. Rg1 Bb7 21. g5 Bd5 22. Bd3 Kg8 23. Rg4 a6 24. Kd2 b5 25. Rh1 Rac8 26. h6 g6 27. Bxg6 hxg6 28. h7+ Kf7 29. Rf4+ 1-0


[Site "https://www.chess.com"]

[Event "Titled Tuesday Blitz July 25 Early 2023"]
[White "Spichkin, Alexander"]
[Black "Slovineanu, Viacheslav"]
[WhiteFideId "4144074"]
[BlackFideId "13900510"]
[WhiteElo "2478"]
[BlackElo "2340"]
[Result "0-1"]
[Round "8"]
[TimeControl "180+2"]
[Date "2023.07.25"]
[WhiteClock "0:01:35"]
[BlackClock "0:00:22"]
[Board "137"]

1. f4 d5 2. Nf3 Nf6 3. e3 Bg4 4. h3 Bxf3 5. Qxf3 Nbd7 6. d4 e6 7. Bd3 c5 8. c3 g6 9. O-O Bd6 10. Nd2 O-O 11. e4 dxe4 12. Nxe4 Nxe4 13. Qxe4 cxd4 14. cxd4 Qb6 15. Be3 Nf6 16. Qf3 Nd5 17. b3 Rac8 18. Rac1 Rxc1 19. Rxc1 Bxf4 20. Bxf4 Qxd4+ 21. Qf2 Qxf4 22. Qxf4 Nxf4 23. Bf1 Nd5 24. Bc4 Rd8 25. Bxd5 Rxd5 26. Rc7 Rb5 27. Kf2 a5 28. Rc4 Kg7 29. Ke3 h5 30. Kd4 Rg5 31. Rc2 h4 32. a4 Rg3 33. Rb2 Rg5 34. Kc4 Rd5 35. Rf2 f5 36. b4 axb4 37. Kxb4 Kf6 38. a5 g5 39. Ka4 f4 40. Rb2 Rd7 41. Kb5 e5 42. Kc5 e4 43. Re2 e3 44. Kc4 Kf5 45. Re1 Rd2 46. Rb1 Rxg2 47. Rxb7 Ra2 48. Kb4 e2 49. Re7 f3 50. Kb5 f2 51. Rf7+ Kg6 52. Rxf2 e1=Q 53. Rxa2 Qb1+ 54. Ka6 Qxa2 55. Kb7 Qb3+ 56. Ka7 Qxh3 57. a6 Qa3 58. Kb7 h3 59. a7 h2 60. a8=Q h1=Q+ 61. Kc7 Qaxa8 0-1


[Site "https://www.chess.com"]

[Event "Titled Tuesday Blitz July 25 Early 2023"]
[White "Osinovsky, Stepan"]
[Black "Lehtosaari, Mauri"]
[WhiteFideId "4157354"]
[BlackFideId "501999"]
[WhiteElo "2336"]
[BlackElo "2475"]
[Result "0-1"]
[Round "8"]
[TimeControl "180+2"]
[Date "2023.07.25"]
[WhiteClock "0:00:00"]
[BlackClock "0:00:08"]
[Board "138"]

1. Nf3 d5 2. g3 Nf6 3. Bg2 c6 4. O-O Bg4 5. h3 Bxf3 6. Bxf3 e6 7. d3 Bc5 8. e4 Nbd7 9. d4 dxe4 10. Bg2 Bb6 11. Nc3 O-O 12. Be3 Nd5 13. Nxe4 Nxe3 14. fxe3 f5 15. Nd2 Qg5 16. Rf3 Nf6 17. c3 Kh8 18. Qe2 Ne4 19. h4 Qg6 20. Nxe4 fxe4 21. Rxf8+ Rxf8 22. Rf1 Kg8 23. Rxf8+ Kxf8 24. Qf2+ Qf5 25. Bxe4 Qxf2+ 26. Kxf2 g6 27. Kf3 Ke7 28. c4 Kf6 29. b4 Bc7 30. a4 Bd6 31. c5 Bc7 32. b5 cxb5 33. axb5 b6 34. g4 h6 35. Bc2 bxc5 36. dxc5 Ba5 37. Ke4 Be1 38. h5 gxh5 39. gxh5 Bb4 40. Kd4 Ba5 41. Bb3 Bc7 42. Bd1 Bg3 43. Bg4 Bc7 44. Kc4 Ke5 45. Bh3 Bd8 46. c6 Bb6 47. e4 Kd6 48. Bg4 Bc7 49. Bd1 Bb6 50. Bb3 Bc7 51. Kd3 Bb6 52. Ke2 Ke5 53. Kf3 Bc7 54. Bc2 Bb6 55. Bd3 Bc7 56. Bf1 Bb6 57. Bh3 Bc7 58. Ke2 Kxe4 59. Bxe6 Kd4 60. Bf5 Kc4 61. Bd3+ Kc5 62. Kf3 Kb6 63. Ke4 Bd8 64. Kd5 Bc7 65. Ke6 Bd8 66. Kd7 Bc7 67. Be2 Bf4 0-1


[Site "https://www.chess.com"]

[Event "Titled Tuesday Blitz July 25 Early 2023"]
[White "Heinemann, Josefine"]
[Black "Huynh, Lam Binh Nguyen"]
[WhiteFideId "12900460"]
[BlackFideId "12401633"]
[WhiteElo "2465"]
[BlackElo "2314"]
[Result "1-0"]
[Round "8"]
[TimeControl "180+2"]
[Date "2023.07.25"]
[WhiteClock "0:01:30"]
[BlackClock "0:00:12"]
[Board "139"]

1. e4 e6 2. d4 d5 3. Nd2 Nf6 4. e5 Nfd7 5. Bd3 c5 6. c3 Nc6 7. Ne2 cxd4 8. cxd4 f6 9. exf6 Nxf6 10. Nf3 Bd6 11. O-O O-O 12. Bf4 Bxf4 13. Nxf4 Ne4 14. Ne2 Rxf3 15. gxf3 Ng5 16. Kh1 e5 17. Qb3 Qf6 18. f4 exf4 19. f3 Bh3 20. Rf2 Rd8 21. Rg1 Nxd4 22. Nxd4 Qxd4 23. Qc2 Rc8 24. Qd2 Nf7 25. Bxh7+ 1-0


[Site "https://www.chess.com"]